AoeStats
← TheVoice

Arabia

509714641Analyzed
2v2 RM · 5d ago on Sep 27, 2026· 34m 51s· 4 players
Game mode
Random Map
Map size
Medium (4 player)
Population
200
Speed
Normal
Resources
Standard
Victory
Conquest
Starting age
Dark Age
Ending age
Imperial Age
RankedLock teamsTeams togetherTeam positionsShared explorationLock speedFull tech treeHidden civsTurbo modeCheats
Victory
Defeat
🇩🇪 Magyars · Germany
1205
+17
🇩🇪 Saracens · Germany
1205
+17
🇱🇹 Celts · Lithuania
1240
-18
🇱🇹 Koreans · Lithuania
1198
-16
TheVoice
6:42 Loom
9:20 Feudal Age
10:00 Double-Bit Axe
11:31 Horse Collar
16:17 Wheelbarrow
21:38 Castle Age
20:29 Bloodlines
20:11 Gold Mining
20:30 Scale Barding Armor
23:43 Husbandry
24:23 Bow Saw
24:51 Chain Barding Armor
Glutaeus Maximus
6:19 Loom
9:24 Feudal Age
15:37 Fletching
21:46 Castle Age
19:46 Double-Bit Axe
20:21 Gold Mining
21:26 Horse Collar
21:50 Padded Archer Armor
21:57 Crossbowman
22:33 Bodkin Arrow
25:02 Ballistics
27:14 Town Watch
(:Burundukas:) LT.
4:33 Loom
10:58 Feudal Age
12:24 Double-Bit Axe
12:23 Horse Collar
14:12 Scale Mail Armor
21:40 Town Watch
24:24 Castle Age
23:32 Forging
24:01 Fletching
25:26 Bow Saw
25:18 Heavy Plow
24:47 Pikeman
27:35 Chain Mail Armor
27:55 Iron Casting
32:32 Bodkin Arrow
Augrar
6:34 Loom
6:38 Loom
9:47 Feudal Age
10:30 Double-Bit Axe
10:27 Horse Collar
16:33 Fletching
23:11 Castle Age
23:35 Elite Skirmisher
24:44 Bow Saw
24:37 Heavy Plow
32:11 Wheelbarrow
31:50 Scale Mail Armor
32:02 Forging
33:05 Chain Mail Armor
33:51 Gold Mining
Connection lost

Rejoining the realm…

Still unreachable

The connection could not be restored.

Session expired

The server has moved on; the page needs a fresh start.